 Dungeon Crawl Stone Soup version 0.29-a0-876-gfc89b1a5bd (webtiles) character file.

Game seed: 17342236246365053131

2 IdlyInterested the Trooper (level 1, -2/18 HPs)
             Began as a Demonspawn Fighter on July 19, 2022.
             Slain by a hobgoblin (4 damage)
             ... on level 1 of the Dungeon.
             The game lasted 00:00:26 (34 turns).

IdlyInterested the Trooper (Demonspawn Fighter)       Turns: 34, Time: 00:00:26

Health: -2/18      AC:  6    Str: 16    XL:     1   Next: 25%
Magic:  1/1        EV:  8    Int:  9    God:
Gold:   16         SH:  4    Dex: 12    Spells: 0/0 levels left

rFire   . . .      SeeInvis .   a - +0 war axe
rCold   . . .      Faith    .   c - +0 buckler
rNeg    . . .      Spirit   .   b - +0 scale mail
rPois   .          Reflect  .   (no helmet)
rElec   .          Harm     .   (no cloak)
rCorr   .          Rampage  .   (no gloves)
Will    .....                   (no boots)
Stlth   ..........              (no amulet)
HPRegen 0.06/turn               (no ring)
MPRegen 0.07/turn               (no ring)

@: no status effects
A: no striking features
a: no special abilities


You were on level 1 of the Dungeon.
You visited 1 branch of the dungeon, and saw 1 of its levels.

You collected 16 gold pieces.

Inventory:

Hand Weapons
 a - a +0 war axe (weapon)
Armour
 b - a +0 scale mail (worn)
 c - a +0 buckler (worn)
Potions
 d - a potion of might


   Skills:
 + Level 3.0 Fighting
 + Level 1.8 Axes
 + Level 2.7 Armour
 * Level 2.7 Shields


You couldn't memorise any spells.
You didn't know any spells.
Your spell library was empty.

Dungeon Overview and Level Annotations

Branches:
Dungeon (1/15)

Altars:


Message History

There is an open door here.
You now have 16 gold pieces.
Found 9 stones.
A frilled lizard comes into view.
The frilled lizard barely misses you.
You barely miss the frilled lizard. You block the frilled lizard's attack.
You miss the frilled lizard.
The frilled lizard bites you but does no damage.
You hit the frilled lizard.
You kill the frilled lizard!
A kobold comes into view. It is wielding a +2 dagger of speed.
The kobold shouts!
You hear a shout!
A kobold comes into view. It is wielding a +0 short sword.
The kobold shouts!
The kobold barely misses you.
You barely miss the kobold.
The kobold hits you but does no damage. x2
You hit the kobold but do no damage. You block the kobold's attack.
The kobold hits you with a +2 dagger of speed.
The kobold hits you with a +0 short sword.
You barely miss the kobold. You hit the kobold but do no damage.
The kobold hits you but does no damage.
The kobold hits you with a +0 short sword.
A hobgoblin comes into view.
The kobold hits you with a +2 dagger of speed. x2
* * * LOW HITPOINT WARNING * * *
You hit the kobold.
The kobold is severely wounded.
You miss the kobold. You block the kobold's attack.
The kobold hits you with a +2 dagger of speed.
* * * LOW HITPOINT WARNING * * *
The kobold hits you with a +0 short sword.
* * * LOW HITPOINT WARNING * * *
The kobold hits you but does no damage.
You hit the kobold.
You kill the kobold!
You barely miss the kobold. The kobold barely misses you.
You slash the kobold!
You kill the kobold!
The hobgoblin hits you.
You die...

### ... #.# #.# #
##g##.##### #
#..@).....#
#.#..##.###.#
#(#..##.#
#.......#
###..#### .
#..###### .#
#.......###.####
######............
#................


You could see a hobgoblin.

Vanquished Creatures
  2 kobolds (D:1)
  A frilled lizard (D:1)
3 creatures vanquished.

Notes
Turn   | Place    | Note
-------+----------+-------------------------------------------
     0 | D:1      | IdlyInterested the Demonspawn Fighter began the quest for
                  | the Orb.
     0 | D:1      | Reached XP level 1. HP: 18/18 MP: 1/1
    34 | D:1      | Slain by a hobgoblin

Illustrated notes

Levels and vault maps discovered:
D:1:      minmay_arrival_stair_chambers, layout_loops_ring,
          shapermc_ecumenical_altar_mp_vishouse, grunt_decor_resistance

Action                   || total
-------------------------++-------
Melee: War axe           ||     9
Armor: Scale mail        ||     5
Dodge: Dodged            ||     3
Block: Buckler           ||     3

Table legend: (Time is in decaauts)
 A = Elapsed time spent in this place.
 B = Non-inter-level travel time spent in this place.
 C = Inter-level travel time spent in this place.
 D = Time resting spent in this place.
 E = Time spent auto-exploring this place.
 F = Levels seen in this place.
 G = Mean time per level.
                   A        B        C        D        E       F      G
               +--------+--------+--------+--------+--------+-----+--------+
         Total |     37 |     37 |      0 |      0 |     20 |   1 |   37.0 |
       Dungeon |     37 |     37 |      0 |      0 |     20 |   1 |   37.0 |
               +--------+--------+--------+--------+--------+-----+--------+

Top non-repeatable levels by time:
     D:1: 37 daAuts
